 Dungeon Crawl Stone Soup version 0.31.0-11-ge490571c62 (webtiles) character file.

Game seed: 17173879310334718898

665 qw the Skirmisher (level 7, -5/40 HPs)
             Began as a Deep Elf Hunter on Feb 4, 2024.
             Slain by Edmund
             ... wielding a +2 flail of protection
              (7 damage)
             ... on level 4 of the Dungeon.
             The game lasted 00:00:52 (3104 turns).

qw the Skirmisher (Deep Elf Hunter)                 Turns: 3104, Time: 00:00:52

Health: -5/40      AC:  6    Str: 10    XL:     7   Next: 31%
Magic:  9/9        EV: 11    Int: 14    God:
Gold:   272        SH:  0    Dex: 18    Spells: 6/6 levels left

rFire   . . .        b - +1 orcbow (freeze)
rCold   . . .        (shield currently unavailable)
rNeg    . . .        f - +0 ring mail
rPois   .            (no helmet)
rElec   +            (no cloak)
rCorr   .            (no gloves)
SInv    .            i - +0 pair of boots
Will    .....        l - amulet of the Shouting Seer {Faith rElec}
Stlth   +            (no ring)
HPRegen 0.26/turn    (no ring)
MPRegen 0.11/turn

%: faith
@: no status effects
A: no striking features
a: no special abilities


You were on level 4 of the Dungeon.
You visited 1 branch of the dungeon, and saw 4 of its levels.

You collected 326 gold pieces.
You spent 54 gold pieces at shops.


   Skills:
 - Level 2.0 Fighting
 + Level 11.1 Ranged Weapons
 - Level 1.0 Armour
 - Level 3.0 Dodging
 - Level 1.2 Stealth


You had 6 spell levels left.
You didn't know any spells.
Your spell library was empty.

Inventory:

Hand Weapons
 b - a +1 orcbow of freezing (weapon)
Armour
 f - a +0 ring mail (worn)
 i - a +0 pair of boots (worn)
Jewellery
 l - the amulet of the Shouting Seer (around neck) {Faith rElec}
   (You found it on level 2 of the Dungeon)

   [amulet of faith]

   Faith:     It allows you to gain divine favour quickly.
   rElec:     It insulates you from electricity.
 o - a ring of wizardry
Scrolls
 a - a scroll of poison {unknown}
 k - 2 scrolls of identify
 m - a scroll of torment {unknown}
Potions
 c - a potion of might
 d - a potion of lignification {unknown}
 e - a potion of ambrosia {unknown}
 g - a potion of resistance
 h - a potion of enlightenment
 j - a potion of berserk rage {unknown}
 n - 2 potions of curing

Dungeon Overview and Level Annotations

Branches:
Dungeon (4/15)
 Temple: D:4-7

Altars:
Uskayaw

Shops:
D:3 [   D:4 ?

Annotations:
D:4 Edmund, Eustachio


Message History

The arrow hits Edmund but does no damage.
Eustachio mumbles some strange words.
Eustachio blinks!
You shoot an arrow.
The arrow hits Edmund but does no damage.
Eustachio gestures wildly while chanting.
Edmund hits you with a +2 flail of protection.
You shoot an arrow. The arrow completely misses Edmund.
The arrow misses the bat.
The arrow hits the bat!
The arrow freezes the bat.
You kill the bat!
The bat's corpse disappears in a puff of smoke!
Eustachio casts a spell.
Edmund hits you with a +2 flail of protection!
You shoot an arrow.
The arrow hits Edmund but does no damage.
The rat disappears in a puff of smoke!
Edmund hits you with a +2 flail of protection.
Eustachio yells, "Perjured traitor, DIE!"
Edmund hits you with a +2 flail of protection!
You shoot an arrow. The arrow closely misses Edmund.
The arrow hits the bat!
The arrow freezes the bat.
You kill the bat!
The bat's corpse disappears in a puff of smoke!
Eustachio screams, "Hey, you killed my favourite bat!"
Eustachio mumbles some strange words.
Eustachio blinks!
Edmund hits you with a +2 flail of protection.
You shoot an arrow. The arrow barely misses Edmund.
The arrow barely misses the bat.
Edmund hits you with a +2 flail of protection.
You shoot an arrow.
The arrow hits Edmund but does no damage.
Eustachio yells, "Perjured traitor, DIE!"
Edmund hits you with a +2 flail of protection!
You shoot an arrow.
The arrow hits Edmund but does no damage.
Eustachio screams, "Hey, you killed my favourite bat!"
Edmund hits you with a +2 flail of protection!
You die...
Edmund says, "I'd like to see a scythe do that!"

########.).........##.......
#.........<#.......##..#.#.#
#..........#.......##.......
#....(.............##...#.#.
#..........##......##.......
##########.###########.#.#.#
#.# .$..# #...... #.##r}.}.#
#....#. #.@@b@\..####......
####b}.}.##.......#
....##........ #####........
###........ #.)........
#.......... #..........
#..........


You could see Edmund, Eustachio, a river rat (summoned) and 2 bats.

Vanquished Creatures
  Sigmund (D:3)
  An ogre (D:4)
  2 hounds (D:4)
  A jelly (D:4)
  2 iguanas (D:4)
  Natasha (thrice) (D:3)
  An orc wizard (D:4)
  6 adders
  A ribbon worm (D:3)
  8 dart slugs
  5 orcs
  6 bats
  10 endoplasms
  9 hobgoblins
  4 jackals (D:3)
  5 quokkas
  10 ball pythons
  7 frilled lizards
  7 goblins
  11 kobolds
  6 rats
106 creatures vanquished.

Notes
Turn   | Place    | Note
-------+----------+-------------------------------------------
     0 | D:1      | qw the Deep Elf Hunter began the quest for the Orb.
     0 | D:1      | Reached XP level 1. HP: 12/12 MP: 3/3
     0 | D:1      | 0 ||| qw: Version: 0.3-a-160-g6735b56
     0 | D:1      | 0 ||| qw: Game counter: 5939
     0 | D:1      | 0 ||| qw: Melee chars always use a shield: true
     0 | D:1      | 0 ||| qw: God list: Okawaru
     0 | D:1      | 0 ||| qw: Allow faded altars: false
     0 | D:1      | 0 ||| qw: Do Orc after clearing Dungeon:15 true
     0 | D:1      | 0 ||| qw: Do second Lair branch before Depths: true
     0 | D:1      | 0 ||| qw: Lair rune preference: random
     0 | D:1      | 0 ||| qw: Goals: Normal
     0 | D:1      | 0 ||| PLANNING D:1-11
   147 | D:1      | Reached skill level 6 in Ranged Weapons
   147 | D:1      | Reached XP level 2. HP: 16/16 MP: 4/4
   464 | D:1      | Reached XP level 3. HP: 20/20 MP: 5/5
   771 | D:1      | 771 ||| UPGRADING to +0 ring mail.
   781 | D:1      | 781 ||| DROPPING +0 leather armour.
   782 | D:1      | 782 ||| DROPPING +6 ring of intelligence.
   783 | D:1      | 783 ||| READING scroll labelled SELALOTATZ.
   884 | D:1      | 884 ||| READING scroll labelled FIGOLU FYLU.
   885 | D:1      | 885 ||| READING scroll labelled VUHIAB BIANT.
   886 | D:1      | 886 ||| READING scroll labelled KACUEK GUINT.
   887 | D:1      | 887 ||| READING scroll labelled NAPUTR BOICOG.
   887 | D:1      | 887 ||| IDENTIFYING bubbling green potion
   888 | D:1      | 888 ||| DROPPING scroll of butterflies.
  1113 | D:2      | Reached skill level 7 in Ranged Weapons
  1214 | D:2      | HP: 5/20 [frilled lizard (1)]
  1402 | D:2      | 1402 ||| FLEEEEING.
  1403 | D:2      | 1403 ||| FLEEEEING.
  1404 | D:2      | 1404 ||| FLEEEEING.
  1406 | D:2      | 1406 ||| FLEEEEING.
  1407 | D:2      | 1407 ||| FLEEEEING.
  1408 | D:2      | 1408 ||| FLEEEEING.
  1419 | D:2      | Reached XP level 4. HP: 23/25 MP: 6/6
  1437 | D:2      | Found a hide-covered altar of Uskayaw.
  1595 | D:2      | Identified the amulet of the Shouting Seer {Faith rElec}
  1663 | D:2      | 1663 ||| UPGRADING to amulet of the Shouting Seer {Faith
                  | rElec}.
  1668 | D:2      | 1668 ||| READING scroll of identify.
  1668 | D:2      | 1668 ||| IDENTIFYING golden potion
  1669 | D:2      | 1669 ||| READING scroll labelled QUZILUFUHO.
  1670 | D:2      | 1670 ||| READING scroll labelled ROMOVA MEIHIAP.
  1670 | D:2      | Identified a scroll of acquirement
  1670 | D:2      | 1670 ||| ACQUIRING +1 orcbow of freezing
  1670 | D:2      | Acquired a +1 orcbow of freezing
  1672 | D:2      | 1672 ||| SWAPPING to +1 orcbow of freezing.
  1673 | D:2      | 1673 ||| DROPPING +0 shortbow.
  1674 | D:2      | 1674 ||| READING scroll labelled WODOCZAQIF.
  1675 | D:2      | 1675 ||| DRINKING 2 grey potions.
  1760 | D:3      | You fall into a shaft and drop 1 floor!
  1781 | D:4      | Reached skill level 8 in Ranged Weapons
  1928 | D:3      | Noticed Natasha
  1935 | D:3      | Killed Natasha
  1936 | D:3      | Reached XP level 5. HP: 14/29 MP: 7/7
  1964 | D:3      | Noticed Natasha
  1967 | D:3      | Killed Natasha
  2011 | D:3      | Noticed Natasha
  2016 | D:3      | Killed Natasha
  2017 | D:3      | Reached skill level 9 in Ranged Weapons
  2017 | D:3      | 2017 ||| FLEEEEING.
  2018 | D:3      | 2018 ||| FLEEEEING.
  2018 | D:3      | Found Ewoadyta's Armour Shoppe.
  2019 | D:3      | 2019 ||| FLEEEEING.
  2020 | D:3      | 2020 ||| FLEEEEING.
  2021 | D:3      | 2021 ||| FLEEEEING.
  2022 | D:3      | 2022 ||| FLEEEEING.
  2023 | D:3      | 2023 ||| FLEEEEING.
  2024 | D:3      | 2024 ||| FLEEEEING.
  2025 | D:3      | 2025 ||| FLEEEEING.
  2026 | D:3      | 2026 ||| FLEEEEING.
  2027 | D:3      | 2027 ||| FLEEEEING.
  2028 | D:3      | 2028 ||| FLEEEEING.
  2029 | D:3      | 2029 ||| FLEEEEING.
  2030 | D:3      | 2030 ||| FLEEEEING.
  2031 | D:3      | 2031 ||| FLEEEEING.
  2035 | D:3      | 2035 ||| FLEEEEING.
  2036 | D:3      | 2036 ||| FLEEEEING.
  2037 | D:3      | 2037 ||| FLEEEEING.
  2038 | D:3      | 2038 ||| FLEEEEING.
  2039 | D:3      | 2039 ||| FLEEEEING.
  2040 | D:3      | 2040 ||| FLEEEEING.
  2041 | D:3      | 2041 ||| FLEEEEING.
  2042 | D:3      | 2042 ||| FLEEEEING.
  2043 | D:3      | 2043 ||| FLEEEEING.
  2044 | D:3      | 2044 ||| FLEEEEING.
  2045 | D:3      | 2045 ||| FLEEEEING.
  2046 | D:3      | 2046 ||| FLEEEEING.
  2047 | D:3      | 2047 ||| FLEEEEING.
  2048 | D:3      | 2048 ||| FLEEEEING.
  2049 | D:3      | 2049 ||| FLEEEEING.
  2050 | D:3      | 2050 ||| FLEEEEING.
  2051 | D:3      | 2051 ||| FLEEEEING.
  2388 | D:3      | 2388 ||| BUYING +0 pair of boots (54 gold).
  2388 | D:3      | Bought a +0 pair of boots for 54 gold pieces
  2388 | D:3      | 2388 ||| SHOPLISTING +2 scale mail of fire resistance (252
                  | gold, have 175).
  2538 | D:3      | Noticed Sigmund
  2545 | D:3      | Killed Sigmund
  2546 | D:3      | Reached skill level 10 in Ranged Weapons
  2546 | D:3      | Reached XP level 6. HP: 26/35 MP: 8/8
  2647 | D:3      | 2647 ||| UPGRADING to +0 pair of boots.
  2652 | D:3      | 2652 ||| DROPPING amulet of faith.
  2653 | D:3      | 2653 ||| DRINKING 2 blue potions.
  2654 | D:3      | 2654 ||| DRINKING 2 brown potions.
  2655 | D:3      | 2655 ||| DROPPING potion of attraction.
  2726 | D:4      | Reached skill level 3 in Dodging
  2752 | D:4      | Reached skill level 1 in Armour
  2763 | D:4      | 2763 ||| FLEEEEING.
  2839 | D:4      | Reached XP level 7. HP: 40/40 MP: 9/9
  3084 | D:4      | Reached skill level 11 in Ranged Weapons
  3095 | D:4      | Found Caeful's Magic Scroll Shoppe.
  3095 | D:4      | Noticed Eustachio
  3096 | D:4      | Noticed Edmund
  3102 | D:4      | HP: 9/40 [Edmund/+2 flail of protection (4)]
  3103 | D:4      | HP: 1/40 [Edmund/+2 flail of protection (8)]
  3104 | D:4      | Slain by Edmund

Levels and vault maps discovered:
D:1:      matt_arrival_refuge, layout_basic
D:2:      kennysheep_six_static_rooms, layout_basic, basic_altar
D:3:      layout_basic, serial_shops, shop, minmay_pentangle, uniq_natasha,
          uniq_sigmund
D:4:      layout_basic, serial_shops, kennysheep_little_box, hex_large,
          uniq_edmund, uniq_eustachio

Skill      XL: |  1  2  3  4  5  6  7 |
---------------+----------------------+-----
Ranged Weapons | 6 7 8 10 11 | 11.1
Fighting       | 2 |  2.0
Dodging        | 3 |  3.0
Armour         | 1 |  1.0
Stealth        | |  1.2

Action                     |  1- 3 |  4- 6 |  7- 9 || total
---------------------------+-------+-------+-------++-------
   Fire: Shortbow          |   102 |     7 |       ||   109
         Orcbow            |       |   126 |    33 ||   159
    Use: Scroll            |     5 |     4 |       ||     9
         Potion            |       |     3 |       ||     3
 Armour: Leather armour    |     2 |       |       ||     2
         Ring mail         |    13 |    29 |     9 ||    51
  Dodge: Dodged            |    11 |    16 |     3 ||    30

Table legend:
 A = Non-vault XP
 B = Vault XP
 C = Vault XP percentage of total XP
 D = Non-vault monster count
 E = Vault monster count
 F = Vault count percentage of total count
                 A         B        C        D         E       F
            +---------+---------+-------+---------+---------+-------
      Total |     646 |     304 |  32.0 |      88 |      18 |  17.0
            +---------+---------+-------+---------+---------+-------
        D:1 |      46 |       0 |   0.0 |      22 |       0 |   0.0
        D:2 |      47 |      22 |  31.9 |      18 |       6 |  25.0
        D:3 |     130 |     282 |  68.4 |      22 |      12 |  35.3
        D:4 |     423 |       0 |   0.0 |      26 |       0 |   0.0
            +---------+---------+-------+---------+---------+-------
